 Seeded DCSS version 0.30.1-3-gfc49f6343a (webtiles) character file.

Game seed: 20230804 (custom seed)

20 AccursedSamuel the Shooter (level 3, -2/1 (28) HPs)
             Began as a Formicid Hunter on Aug 8, 2023.
             Slain by a goblin
             ... wielding a +0 club
              (3 damage)
             ... on level 2 of the Dungeon.
             The game lasted 00:03:39 (1294 turns).

AccursedSamuel the Shooter (Formicid Hunter)        Turns: 1294, Time: 00:03:40

HP:   -2/1 (28)     AC:  3    Str: 15    XL:     3   Next: 0%
MP:   3/3           EV: 12    Int:  8    God:
Gold: 57            SH:  0    Dex: 19    Spells: 2/2 levels left

rFire   . . .        a - +0 shortbow
rCold   . . .        (no shield)
rNeg    . . .        c - +0 leather armour
rPois   .            (helmet unavailable)
rElec   .            (no cloak)
rCorr   .            (no gloves)
SInv    +            (no boots)
Will    .....        (no amulet)
Stlth   ++           (no ring)
HPRegen 0.20/turn    (no ring)
MPRegen 0.08/turn

%: no passive effects
@: extremely drained
A: permanent stasis, dig shafts and tunnels, antennae 3, four strong arms
a: Dig, Shaft Self


You were on level 2 of the Dungeon.
You visited 1 branch of the dungeon, and saw 2 of its levels.

You collected 57 gold pieces.

Inventory:

Hand Weapons
 a - a +0 shortbow (weapon)
Armour
 c - a +0 leather armour (worn)
Scrolls
 b - a scroll of immolation
 d - 3 scrolls of teleportation {unknown}
 i - a scroll of amnesia {unknown}
 k - a scroll of identify {unknown}
 l - a scroll of blinking {unknown}
 m - a scroll of fog {unknown}
 n - a scroll of enchant armour {unknown}
Potions
 e - a potion of magic {unknown}
 f - 3 potions of mutation {unknown}
 g - a potion of heal wounds {unknown}
 h - a potion of haste {unknown}
 j - a potion of cancellation {unknown}


   Skills:
 + Level 2.5 Fighting
 + Level 4.6 Ranged Weapons
 + Level 1.7 Dodging
 + Level 1.2 Stealth


You had 2 spell levels left.
You didn't know any spells.
Your spell library was empty.

Dungeon Overview and Level Annotations

Branches:
Dungeon (2/15)

Altars:


Innate Abilities, Weirdness & Mutations

You cannot be hasted, slowed, berserked, paralysed or teleported.
You can dig through walls and to a lower floor.
You have a pair of large antennae on your head. (SInv)
Your four strong arms can wield two-handed weapons with a shield.


Message History

You dig through the rock wall.
You feel drained.
You dig through the rock wall.
You feel drained.
You retract your mandibles.
Done exploring.
You start waiting.
Done waiting.
Okay, then.
Unknown command.
You extend your mandibles.
You retract your mandibles.
You extend your mandibles.
You dig through the rock wall.
You feel drained.
You retract your mandibles.
You extend your mandibles.
You dig through the rock wall.
You feel drained.
You dig through the rock wall.
You feel drained.
You dig through the rock wall.
You feel drained.
You dig through the rock wall.
You feel drained.
You dig through the rock wall.
You feel drained.
You dig through the rock wall.
You feel drained.
You dig through the rock wall.
You feel drained.
You dig through the rock wall.
You feel drained.
You retract your mandibles.
There is a stone staircase leading down here.
You climb downwards.
Found a moonstone ring and 18 gold pieces.
There is a stone staircase leading up here.
A goblin and a quokka come into view.
The goblin shouts!
A goblin comes into view. It is wielding a +0 dagger.
A rat comes into view.
The goblin shouts!
Found 14 gold pieces.
Found a stone staircase leading down.
The goblin closely misses you.
You see here a ring of poison resistance.
A frilled lizard comes into view.
The goblin attacks as you move away! The goblin hits you with a +0 club.
Ouch! That really hurt!
You die...

### #.. ###.... #.#
##.#..... #.#
#>....... #.#
#$#.#.#.# # #.#
#.#.#.#.#
##.###.###.#.#.#.#
##.....<....#.#.#.#
............rg.g@.#
.#..##.......$..###
.....r.#......###
...###....l.###
##.#...# #.......
####..##. #..#


You could see a quokka, 2 goblins and a frilled lizard (wandering).

Vanquished Creatures
  A dart slug (D:1)
  2 ball pythons (D:1)
  A goblin (D:1)
  A hobgoblin (D:1)
  3 quokkas (D:1)
  4 bats (D:1)
  A frilled lizard (D:1)
  2 kobolds (D:1)
  2 rats (D:1)
17 creatures vanquished.

Notes
Turn   | Place    | Note
-------+----------+-------------------------------------------
     0 | D:1      | AccursedSamuel the Formicid Hunter began the quest for the
                  | Orb.
     0 | D:1      | Reached XP level 1. HP: 16/16 MP: 1/1
    45 | D:1      | Found a faded altar of an unknown god.
   233 | D:1      | Reached XP level 2. HP: 20/23 MP: 2/2
   901 | D:1      | Reached XP level 3. HP: 28/28 MP: 3/3
  1294 | D:2      | Slain by a goblin

Illustrated notes

Levels and vault maps discovered:
D:1:      roderic_octagonal_star, layout_basic,
          hellmonk_ecumenical_altar_run_dry, minmay_box_of_dots
D:2:      layout_loops_ring

Action                     || total
---------------------------++-------
   Fire: Shortbow          ||    42
Ability: Dig               ||    13
 Armour: Leather armour    ||    28
  Dodge: Dodged            ||    68
